BSA
KANSAS CITY KINGS @ MADISON BOMBERS
05/10/2026
 
TOP OF THE 1ST
Kansas City Kings batting - Pitching for Madison Bombers : LHP Bill Moore
Pitching: LHP Bill Moore
Batting: RHB Chris Chandler 0-0: Foul Ball, location: 2F
0-1: Fly out, F9 (Flyball, 9LD)
Batting: LHB Ray Spencer 0-0: Called Strike
0-1: SINGLE (Line Drive, 6D)
Batting: RHB Toshimichi Kono 0-0: Swinging Strike
0-1: Called Strike
0-2: Fly out, F9 (Flyball, 89M)
Batting: LHB Pablo Reyes 0-0: 2-RUN HOME RUN (Flyball, 78XD), Distance : 394 ft
Batting: RHB Dave Parker 0-0: Called Strike
0-1: Ball
1-1: Swinging Strike
1-2: Fly out, F7 (Flyball, 7LD)
Top of the 1st over - 2 run(s), 2 hit(s), 0 error(s), 0 left on base; Kansas City 2 - Madison 0
BOTTOM OF THE 1ST
Madison Bombers batting - Pitching for Kansas City Kings : RHP Cristóbal Gómez
Pitching: RHP Cristóbal Gómez
Batting: LHB Robin Hill 0-0: Called Strike
0-1: Reached on error, E3 (Groundball, 3)
Batting: RHB Alonso Holguín 0-0: Called Strike
0-1: Ball
1-1: Ball
2-1: Called Strike
2-2: Strikes out swinging
Batting: LHB Seung-chun Mun 0-0: Foul Ball, location: 2F
0-1: Called Strike
Robin Hill steals 2nd base
0-2: Ground out 4-3 (Groundball, 4)
Robin Hill to third
Batting: LHB Mike Callahan 0-0: Foul Ball, location: 2F
0-1: Ball
1-1: Swinging Strike
1-2: Foul Ball, location: 2F
1-2: Strikes out swinging
Bottom of the 1st over - 0 run(s), 0 hit(s), 1 error(s), 1 left on base; Kansas City 2 - Madison 0
TOP OF THE 2ND
Kansas City Kings batting - Pitching for Madison Bombers : LHP Bill Moore
Batting: SHB Víctor Serrano 0-0: Foul Ball, location: 2F
0-1: Swinging Strike
0-2: Foul Ball, location: 2F
0-2: Ball
1-2: Foul Ball, location: 2F
1-2: Strikes out swinging
Batting: LHB Ethan Marshall 0-0: Called Strike
0-1: Fly out, F9 (Flyball, 89S)
Batting: LHB Brian Boone 0-0: Called Strike
0-1: Called Strike
0-2: SINGLE (Line Drive, 6MD)
Batting: RHB Matt Richards 0-0: Swinging Strike
0-1: Ground out 6-3 (Groundball, 6)
Top of the 2nd over - 0 run(s), 1 hit(s), 0 error(s), 1 left on base; Kansas City 2 - Madison 0
BOTTOM OF THE 2ND
Madison Bombers batting - Pitching for Kansas City Kings : RHP Cristóbal Gómez
Batting: RHB Vicente Aguirre 0-0: Ball
1-0: Ground out 6-3 (Groundball, 56)
Batting: RHB Sergio Márquez 0-0: Foul Ball, location: 2F
0-1: Ball
1-1: Ball
2-1: Ball
3-1: Ground out 6-3 (Groundball, 6)
Batting: RHB Quinton Martínez 0-0: Ball
1-0: Ball
2-0: Foul Ball, location: 2F
2-1: Swinging Strike
2-2: Strikes out looking
Bottom of the 2nd over - 0 run(s), 0 hit(s), 0 error(s), 0 left on base; Kansas City 2 - Madison 0
TOP OF THE 3RD
Kansas City Kings batting - Pitching for Madison Bombers : LHP Bill Moore
Batting: RHB Chris Chandler 0-0: Called Strike
0-1: SINGLE (Line Drive, 6M)
Batting: LHB Ray Spencer 0-0: Called Strike
0-1: Ball
1-1: Foul Ball, location: 2F
1-2: DOUBLE (Flyball, 9LS)
Chris Chandler to third
Chris Chandler scores
Batting: RHB Toshimichi Kono 0-0: Ball
1-0: DOUBLE (Groundball, 3L)
Ray Spencer scores
Batting: LHB Pablo Reyes 0-0: Foul Ball, location: 2F
0-1: Ball
1-1: Called Strike
1-2: Strikes out swinging
Batting: RHB Dave Parker 0-0: Called Strike
0-1: Ball
1-1: Hit by Pitch
Batting: SHB Víctor Serrano 0-0: Ball
1-0: Foul Ball, location: 2F
1-1: Ball
2-1: Swinging Strike
2-2: Ball
3-2: Strikes out swinging
Batting: LHB Ethan Marshall 0-0: Called Strike
0-1: Ball
1-1: Ball
2-1: Foul Ball, location: 2F
2-2: Foul Ball, location: 2F
2-2: Ground out 4-3 (Groundball, 4)
Top of the 3rd over - 2 run(s), 3 hit(s), 0 error(s), 2 left on base; Kansas City 4 - Madison 0
BOTTOM OF THE 3RD
Madison Bombers batting - Pitching for Kansas City Kings : RHP Cristóbal Gómez
Batting: SHB Dave MacThomas 0-0: Ball
1-0: Called Strike
1-1: Ball
2-1: Ball
3-1: Ground out U3 (Groundball, 3L)
Batting: RHB Guo-xiu Choi 0-0: Called Strike
0-1: Foul Ball, location: 2F
0-2: Foul Ball, location: 2F
0-2: Foul Ball, location: 2F
0-2: Ball
1-2: Foul Ball, location: 2F
1-2: Ball
2-2: Ground out 4-3 (Groundball, 13)
Batting: LHB Robin Hill 0-0: Called Strike
0-1: Foul Ball, location: 2F
0-2: SINGLE (Line Drive, 8RS)
Batting: RHB Alonso Holguín 0-0: Swinging Strike
0-1: Ball
1-1: Called Strike
1-2: Ball
2-2: SINGLE (Groundball, 4MD)
Robin Hill to second
Batting: LHB Seung-chun Mun 0-0: DOUBLE (Flyball, 78M)
Robin Hill scores
Alonso Holguín to third
Runner from 3rd tries for Home, SAFE, no throw or cutoff
Batting: LHB Mike Callahan 0-0: Called Strike
0-1: Foul Ball, location: 2F
0-2: Strikes out looking
Bottom of the 3rd over - 2 run(s), 3 hit(s), 0 error(s), 1 left on base; Kansas City 4 - Madison 2
TOP OF THE 4TH
Kansas City Kings batting - Pitching for Madison Bombers : LHP Bill Moore
Batting: LHB Brian Boone 0-0: Foul Ball, location: 2F
0-1: Ball
1-1: Foul Ball, location: 2F
1-2: Fly out, F9 (Line Drive, 9M)
Batting: RHB Matt Richards 0-0: Ball
1-0: Ball
2-0: Called Strike
2-1: Ground out 6-3 (Groundball, 6)
Batting: RHB Chris Chandler 0-0: Called Strike
0-1: SINGLE (Line Drive, 34D)
Batting: LHB Ray Spencer 0-0: Called Strike
0-1: Foul Ball, location: 2F
0-2: Ball
1-2: Ball
2-2: Strikes out looking
Top of the 4th over - 0 run(s), 1 hit(s), 0 error(s), 1 left on base; Kansas City 4 - Madison 2
BOTTOM OF THE 4TH
Madison Bombers batting - Pitching for Kansas City Kings : RHP Cristóbal Gómez
Batting: RHB Vicente Aguirre 0-0: Called Strike
0-1: Ball
1-1: Foul Ball, location: 2F
1-2: Strikes out looking
Batting: RHB Sergio Márquez 0-0: Ball
1-0: Called Strike
1-1: Ball
2-1: Fly out, F7 (Line Drive, 7LS)
Batting: RHB Quinton Martínez 0-0: Called Strike
0-1: Called Strike
0-2: Strikes out looking
Bottom of the 4th over - 0 run(s), 0 hit(s), 0 error(s), 0 left on base; Kansas City 4 - Madison 2
TOP OF THE 5TH
Kansas City Kings batting - Pitching for Madison Bombers : LHP Bill Moore
Batting: RHB Toshimichi Kono 0-0: Ground out 4-3 (Groundball, 4)
Batting: LHB Pablo Reyes 0-0: Ball
1-0: Ball
2-0: Foul Ball, location: 2F
2-1: Ball
3-1: Base on Balls
Batting: RHB Dave Parker 0-0: Ball
1-0: Foul Ball, location: 2F
1-1: Fly out, F8 (Flyball, 8LXD)
Batting: SHB Víctor Serrano 0-0: Called Strike
0-1: Ball
1-1: Fly out, F7 (Flyball, 78S)
Top of the 5th over - 0 run(s), 0 hit(s), 0 error(s), 1 left on base; Kansas City 4 - Madison 2
BOTTOM OF THE 5TH
Madison Bombers batting - Pitching for Kansas City Kings : RHP Cristóbal Gómez
Batting: SHB Dave MacThomas 0-0: Ball
1-0: Ball
2-0: Called Strike
2-1: DOUBLE (Line Drive, 9LD)
Batting: RHB Guo-xiu Choi 0-0: Called Strike
0-1: Ball
1-1: Ground out 6-3 (Groundball, 6)
Dave MacThomas to third
Batting: LHB Robin Hill 0-0: Ball
1-0: SINGLE (Line Drive, 78M)
Dave MacThomas scores
Batting: RHB Alonso Holguín 0-0: Called Strike
Robin Hill steals 2nd base
0-1: Swinging Strike
0-2: Foul Ball, location: 2F
0-2: Fly out, F8 (Flyball, 78M)
Batting: LHB Seung-chun Mun 0-0: Ball
1-0: Ball
2-0: Fly out, F8 (Flyball, 8LS)
Bottom of the 5th over - 1 run(s), 2 hit(s), 0 error(s), 1 left on base; Kansas City 4 - Madison 3
TOP OF THE 6TH
Kansas City Kings batting - Pitching for Madison Bombers : LHP Bill Moore
Batting: LHB Ethan Marshall 0-0: Ground out 6-3 (Groundball, 6M)
Batting: LHB Brian Boone 0-0: Ball
1-0: Foul Ball, location: 2F
1-1: Swinging Strike
1-2: Ball
2-2: Ball
3-2: Foul Ball, location: 2F
3-2: Strikes out swinging
Batting: RHB Matt Richards 0-0: Foul Ball, location: 2F
0-1: Ground out 5-3 (Groundball, 5)
Top of the 6th over - 0 run(s), 0 hit(s), 0 error(s), 0 left on base; Kansas City 4 - Madison 3
BOTTOM OF THE 6TH
Madison Bombers batting - Pitching for Kansas City Kings : RHP Cristóbal Gómez
Batting: LHB Mike Callahan 0-0: Ball
1-0: Foul Ball, location: 2F
1-1: Ground out U3 (Groundball, 3)
Batting: RHB Vicente Aguirre 0-0: Called Strike
0-1: Ball
1-1: Swinging Strike
1-2: Ground out 5-3 (Groundball, 5L)
Batting: RHB Sergio Márquez 0-0: Ball
1-0: Ball
2-0: Foul Ball, location: 2F
2-1: Ball
3-1: Foul Ball, location: 2F
3-2: Fly out, F8 (Flyball, 8RXD)
Bottom of the 6th over - 0 run(s), 0 hit(s), 0 error(s), 0 left on base; Kansas City 4 - Madison 3
TOP OF THE 7TH
Kansas City Kings batting - Pitching for Madison Bombers : LHP Bill Moore
Batting: RHB Chris Chandler 0-0: Ball
1-0: Ground out 5-3 (Groundball, 56S)
Batting: LHB Ray Spencer 0-0: Fly out, F5 (Popup, 5F)
Batting: RHB Toshimichi Kono 0-0: Ball
1-0: Ball
2-0: Ground out 6-3 (Groundball, 6M)
Top of the 7th over - 0 run(s), 0 hit(s), 0 error(s), 0 left on base; Kansas City 4 - Madison 3
BOTTOM OF THE 7TH
Madison Bombers batting - Pitching for Kansas City Kings : RHP Cristóbal Gómez
Batting: RHB Quinton Martínez 0-0: Called Strike
0-1: Called Strike
0-2: Strikes out swinging
Batting: SHB Dave MacThomas 0-0: Foul Ball, location: 2F
0-1: Foul Ball, location: 2F
0-2: SINGLE (Groundball, 4MD)
Pitching: RHP Cipriano Montáñez
Batting: RHB Guo-xiu Choi 0-0: Swinging Strike
0-1: Called Strike
0-2: Strikes out swinging
Pitching: LHP Víctor Soto
Pinch Hitting: RHB Cris Fuentes 0-0: Called Strike
0-1: Called Strike
0-2: Foul Ball, location: 2F
0-2: Ball
1-2: Ball
2-2: Ball
3-2: SINGLE (Line Drive, 7LM)
Dave MacThomas to second
Dave MacThomas to third
Batting: RHB Alonso Holguín 0-0: Swinging Strike
0-1: Ball
1-1: Foul Ball, location: 2F
1-2: Ball
2-2: Ball
3-2: Base on Balls
Cris Fuentes to second
Batting: LHB Seung-chun Mun 0-0: Ball
1-0: Ball
2-0: Ball
3-0: Called Strike
3-1: Base on Balls
Dave MacThomas scores
Cris Fuentes to third
Alonso Holguín to second
Pitching: RHP Ray Watkins
Batting: LHB Mike Callahan 0-0: Ball
1-0: Ball
2-0: Foul Ball, location: 2F
2-1: Called Strike
2-2: Foul Ball, location: 2F
2-2: Strikes out swinging
Bottom of the 7th over - 1 run(s), 2 hit(s), 0 error(s), 3 left on base; Kansas City 4 - Madison 4
TOP OF THE 8TH
Kansas City Kings batting - Pitching for Madison Bombers : LHP Bill Moore
Pitching: RHP Ramiro Rivera
Now in LF: Cris Fuentes
Batting: LHB Pablo Reyes 0-0: Swinging Strike
0-1: Ground out 6-3 (Groundball, 6)
Batting: RHB Dave Parker 0-0: Foul Ball, location: 2F
0-1: SOLO HOME RUN (Flyball, 7D), Distance : 386 ft
Batting: SHB Víctor Serrano 0-0: Ball
1-0: Foul Ball, location: 2F
1-1: Swinging Strike
1-2: Ball
2-2: Strikes out swinging
Batting: LHB Ethan Marshall 0-0: Ball
1-0: Ball
2-0: Ball
3-0: Called Strike
3-1: Swinging Strike
3-2: Foul Ball, location: 2F
3-2: Strikes out swinging
Top of the 8th over - 1 run(s), 1 hit(s), 0 error(s), 0 left on base; Kansas City 5 - Madison 4
BOTTOM OF THE 8TH
Madison Bombers batting - Pitching for Kansas City Kings : RHP Ray Watkins
Batting: RHB Vicente Aguirre 0-0: Called Strike
0-1: Ball
1-1: Ball
2-1: Fly out, F3 (Popup, 3F)
Batting: RHB Sergio Márquez 0-0: Called Strike
0-1: Fly out, F9 (Flyball, 9LS)
Batting: RHB Quinton Martínez 0-0: Ball
1-0: Called Strike
1-1: Foul Ball, location: 2F
1-2: Foul Ball, location: 2F
1-2: Ball
2-2: Ball
3-2: Ground out 5-3 (Groundball, 15S)
Bottom of the 8th over - 0 run(s), 0 hit(s), 0 error(s), 0 left on base; Kansas City 5 - Madison 4
TOP OF THE 9TH
Kansas City Kings batting - Pitching for Madison Bombers : RHP Ramiro Rivera
Batting: LHB Brian Boone 0-0: Ball
1-0: Ball
2-0: Swinging Strike
2-1: Foul Ball, location: 2F
2-2: Ball
3-2: Foul Ball, location: 2F
3-2: Base on Balls
Batting: RHB Matt Richards 0-0: Sac Bunt - play at first, batter OUT! U3
Brian Boone to second
Batting: RHB Chris Chandler 0-0: Intentional Walk
Batting: LHB Ray Spencer 0-0: SINGLE (Line Drive, 4D)
Brian Boone to third
Chris Chandler to second
Runner from 3rd tries for Home, SAFE, no throw or cutoff
Batting: RHB Toshimichi Kono 0-0: SINGLE (Groundball, 4M)
Chris Chandler to third
Ray Spencer to second
Runner from 3rd tries for Home, SAFE, no throw or cutoff
Pitching: LHP Dave Carbone
Batting: LHB Pablo Reyes 0-0: Foul Ball, location: 2F
0-1: Ball
1-1: DOUBLE (Line Drive, 7LS)
Ray Spencer scores
Toshimichi Kono to third
Batting: RHB Dave Parker 0-0: Ball
Wild Pitch!
Toshimichi Kono scores
Pablo Reyes to third
1-0: Swinging Strike
1-1: Ball
2-1: Foul Ball, location: 2F
2-2: SINGLE (Groundball, 15S) (infield hit)
Batting: SHB Víctor Serrano 0-0: SINGLE (Line Drive, 7LM)
Pablo Reyes scores
Dave Parker to second
Batting: LHB Ethan Marshall 0-0: Foul Ball, location: 2F
0-1: Ball
1-1: Called Strike
1-2: Foul Ball, location: 2F
1-2: Strikes out looking
Batting: LHB Brian Boone 0-0: Ball
1-0: Ball
2-0: Called Strike
2-1: Foul Ball, location: 2F
2-2: Ball
3-2: Foul Ball, location: 2F
3-2: Foul Ball, location: 2F
3-2: Base on Balls
Dave Parker to third
Víctor Serrano to second
Batting: RHB Matt Richards 0-0: Ball
1-0: Ball
2-0: Called Strike
2-1: Foul Ball, location: 2F
2-2: Ball
3-2: Fly out, F8 (Flyball, 89M)
Top of the 9th over - 5 run(s), 5 hit(s), 0 error(s), 3 left on base; Kansas City 10 - Madison 4
BOTTOM OF THE 9TH
Madison Bombers batting - Pitching for Kansas City Kings : RHP Ray Watkins
Batting: SHB Dave MacThomas 0-0: Foul Ball, location: 2F
0-1: Swinging Strike
0-2: Ball
1-2: Ground out 5-3 (Groundball, 5)
Batting: RHB Guo-xiu Choi 0-0: Ball
1-0: Bunt for hit - play at first, batter OUT! 3-4
Batting: RHB Cris Fuentes 0-0: Ground out 5-3 (Groundball, 5S)
Bottom of the 9th over - 0 run(s), 0 hit(s), 0 error(s), 0 left on base; Kansas City 10 - Madison 4
Monday, December 5th, 2016 - OOTP Baseball 17.12 Build 75